 Dungeon Crawl Stone Soup version 0.17-a0-1708-gbd78d88 (webtiles) character file.

630844 Edwin the Sorcerer (level 27, 174/174 (176) HPs)
             Began as a Vampire Necromancer on May 11, 2014.
             Was a High Priest of Kikubaaqudgha.
             Quit the game on level 2 of the Realm of Zot on Aug 22, 2015.
             The game lasted 15:45:48 (173685 turns).

Edwin the Sorcerer (Vampire Necromancer)          Turns: 173685, Time: 15:45:48

HP:   174/174 (176) AC: 30    Str: 16    XL:     27
MP:   53/57         EV: 25    Int: 25    God:    Kikubaaqudgha [*****.]
Gold: 7104          SH: 17    Dex: 22    Spells: 11 memorised, 23 levels left

rFire  + + +     SeeInvis +     U - staff of cold
rCold  + + .     Clarity  +     N - +8 fire dragon armour
rNeg   + . .     SustAt   .     d - +3 shield {rC+ rF+}
rPois  +         Gourm    .     Z - +2 helmet {Int+3}
rElec  .         Spirit   .     A - +2 cloak {rPois}
rCorr  .         Warding  .     F - +0 pair of gloves {Str+3}
rMut   +         Stasis   .     u - +0 pair of boots of the Planets {Str+5 Dex+4}
MR     ++...                    V - amulet of resist mutation
Stlth  ++++++++..               s - ring of magical power
                                g - ring of Syxaoq Teph {rC+ EV+3 Dex+3 Stlth+}

@: very resistant to hostile enchantments, extraordinarily stealthy
A: fangs 3, see invisible, berserk 1, blink 1, clarity, dopey 1, shaggy fur 1,
unbreathing
a: Bat Form, Blink, Receive Corpses, Torment, Renounce Religion
}: 3/15 runes: decaying, serpentine, slimy


You were on level 2 of the Realm of Zot.
You worshipped Kikubaaqudgha.
Kikubaaqudgha was extremely pleased with you.
You were not thirsty.

You visited 15 branches of the dungeon, and saw 66 of its levels.
You also visited: Trove and Ice Cave.

You collected 8586 gold pieces.
You spent 1482 gold pieces at shops.

Inventory:

Armour
 d - a +3 shield of resistance (worn)
 u - the +0 pair of boots of the Planets (worn) {Str+5 Dex+4}
   (You found it on level 6 of the Pits of Slime)

   It affects your strength (+5).
   It affects your dexterity (+4).
 A - a +2 cloak of poison resistance (worn)
 F - a +0 pair of gloves of strength (worn)
 N - a +8 fire dragon armour (worn)
 Z - a +2 helmet of intelligence (worn)
Magical staves
 U - an uncursed staff of cold (weapon)
Rods
 I - a +2 rod of the swarm (9/9)
   (You found it in an ice cave)
Jewellery
 g - the ring of Syxaoq Teph (left hand) {rC+ EV+3 Dex+3 Stlth+}
   (You found it on level 6 of the Pits of Slime)

   [ring of evasion]

   It affects your evasion (+3).
   It affects your dexterity (+3).
   It protects you from cold.
   It makes you more stealthy.
 s - a ring of magical power (right hand)
 V - an amulet of resist mutation (around neck)
Magical devices
 b - a wand of teleportation (3)
 m - a wand of teleportation (2)
 n - a wand of teleportation (2)
 t - a wand of invisibility (0)
 z - a wand of cold (11)
 B - a wand of teleportation (1)
 D - a wand of heal wounds (2)
 H - a wand of teleportation (7)
 M - a wand of disintegration (3)
 P - a wand of hasting (1)
 S - a wand of lightning (6)
Scrolls
 f - 2 scrolls of torment
 h - a scroll of fog
 i - a scroll of magic mapping
 x - 2 scrolls of identify
 C - 7 scrolls of recharging
 O - 4 scrolls of teleportation
 R - 11 scrolls of remove curse
Potions
 a - 4 potions of heal wounds
 c - 3 potions of restore abilities
 e - a potion of invisibility
 o - 2 potions of haste
 w - 19 potions of curing
 E - a potion of magic
 J - a potion of might
 X - 5 potions of brilliance


   Skills:
 - Level 6.2 Fighting
 - Level 10.0 Armour
 - Level 15.7 Dodging
 - Level 17.8 Stealth
 - Level 14.0 Shields
 - Level 21.0 Spellcasting
 - Level 18.5 Conjurations
 - Level 7.1 Charms
 - Level 17.0 Necromancy
 + Level 18.9 Ice Magic
 - Level 8.0 Air Magic


You had 23 spell levels left.
You knew the following spells:

 Your Spells              Type           Power        Failure   Level  Hunger
a - Pain                  Necr           ####         0%          1    None
b - Freezing Cloud        Conj/Ice/Air   ########..   1%          6    ##.....
c - Vampiric Draining     Necr           #######...   1%          3    None
d - Animate Dead          Necr           N/A          1%          4    None
e - Agony                 Necr           #######.     1%          5    None
f - Dispel Undead         Necr           #######.     1%          5    None
h - Repel Missiles        Chrm/Air       ######       1%          2    None
i - Flight                Chrm/Air       ######....   1%          3    None
j - Iskenderun's Mystic   Conj           #######.     1%          4    None
k - Haste                 Chrm           ######..     65%         6    ##.....
l - Bolt of Cold          Conj/Ice       ########..   1%          6    ##.....


Dungeon Overview and Level Annotations

Branches:
Dungeon (15/15)            Temple (1/1) D:4            Lair (8/8) D:11
  Swamp (5/5) Lair:6        Snake (5/5) Lair:4        Slime (6/6) Lair:6
    Orc (4/4) D:12            Elf (3/3) Orc:3        Vaults (4/5) D:14
  Blade (0/1) Vaults:3      Crypt (3/3) Vaults:2       Tomb (1/3) Crypt:3
 Depths (5/5) D:15           Hell (1/1)                 Geh (3/7) Hell
    Coc (0/7) Hell            Tar (0/7) Hell            Zot (2/5) Depths:5
    Dis: Hell:1

Altars:
Ashenzari
Cheibriados
Dithmenos
Elyvilon
Fedhas
Gozag
Kikubaaqudgha
Makhleb
Nemelex Xobeh
Okawaru
Qazlal
Sif Muna
Trog
Vehumet
Xom
Yredelemnul
Zin
The Shining One
Beogh
Jiyva

Shops:
D:7 }   D:8 ([*:[   D:10 [   Orc:4 [*(}   Snake:1 }   Vaults:2 ?*

Portals:
Hell: Depths:1 Depths:2 Depths:3 Depths:4 Depths:5
Abyss: Depths:2 Depths:3 Depths:4 Depths:5
Pandemonium: Depths:3
Ziggurat: Depths:3

Annotations:
D:3 catsarecewl's ghost, average GrFi
D:4 N00bl0rd's ghost, average OgFi
D:8 exclusions: oklob sapling and 1 more exclusion
D:15 exclusion: Roxanne, Roxanne
Lair:5 exclusion: ice statue
Vaults:3 Mennas
Depths:1 the Enchantress
Zot:2 1 exclusion


Innate Abilities, Weirdness & Mutations

You have razor-sharp teeth.
You have supernaturally acute eyesight.
You can survive without breathing.
You tend to lose your temper in combat.
You can translocate small distances at will.
You possess an exceptional clarity of mind.
You are dopey. (Int -2)
You are covered in fur (AC +1).


Message History

You swap places.
You see here 2 stones.
You see here a stone.
You see here a crystal ball of energy.
Found an escape hatch in the ceiling.
A black draconian monk comes into view.
The black draconian monk moves out of view.
A purple draconian comes into view. It is wielding a long sword.
A purple draconian is nearby!
Saving game... please wait.
Level annotation: 1 exclusion Welcome back, Edwin the Vampire Necromancer.
Kikubaaqudgha says: Spread unending torment and darkness!
Press ? for a list of commands and other information.
Cast which spell? (? or * to list)
Okay, then.
Cast which spell? (? or * to list)
Okay, then.
Unknown command.
Are you sure you want to abandon this character and quit the game? (Confirm with "yes".)

### .# #...
... .###.d.
... ..#..< ##
..... # ##...
#... #..#
#.@# #§ #..#
#≈≈§≈ #..#
##§≈§ #..#
#≈≈≈### #..#
#§≈.#.. #..#
##§§.#.# #Z.#
#≈≈..### #..#
##≈≈..'..
#..#
#####..)..'..


You could see a purple draconian (wandering) and a friendly red draconian
zombie.

Vanquished Creatures
  the royal jelly (Slime:6)
  Boris (Vaults:2)
  Sojobo (Depths:2)
  the Lernaean hydra (Swamp:5)
  Margery (Depths:3)
  Geryon (Hell)
  A golden dragon (Vaults:1)
  A golden dragon (shapeshifter) (Vaults:1)
  Jory (Crypt:3)
  A bone dragon (Crypt:3)
  3 Brimstone Fiends
  8 liches
  Asterion (Snake:5)
  The ghost of spanner the Imperceptible, a mighty SpEn of Makhleb (Elf:3)
  7 tentacled monstrosities
  Vashnia (Snake:3)
  32 acid blobs
  2 deep elf master archers (Elf:3)
  A deep elf blademaster (Elf:3)
  A sphinx (Depths:2)
  6 storm dragons
  An octopode crusher (Depths:1)
  A thorn hunter (Swamp:3)
  3 ancient champions
  Frances (Elf:2)
  A shadow dragon (Depths:4)
  5 tengu reavers
  A revenant (Crypt:3)
  6 draconian monks
  18 azure jellies
  6 greater nagas
  Donald (Orc:3)
  16 vault wardens
  10 fire giants
  2 iron dragons
  A ghost moth (Zot:2)
  2 frost giants
  An orc warlord (Orc:4)
  5 deep elf sorcerers
  2 balrugs
  2 draconian knights
  2 draconian zealots
  4 emperor scorpions
  6 ghouls (Crypt:3)
  A draconian shifter (Zot:2)
  4 draconian annihilators
  4 spriggan defenders
  3 draconian callers
  A war gargoyle (Hell)
  20 stone giants
  A grey draconian (Depths:5)
  5 deep elf demonologists (Elf:3)
  5 vampire knights
  2 green draconians
  5 rakshasas
  2 dire elephants
  Azrael (Elf:1)
  2 purple draconians
  4 yellow draconians
  A white draconian (Zot:2)
  8 deep elf annihilators
  5 mottled draconians (Zot:2)
  4 pale draconians
  5 salamander firebrands
  5 red draconians
  A removed MONS_UNBORN (Crypt:3)
  18 ettins
  11 deep elf death magi
  The ghost of Liquorice the Sharpshooter, a powerful CeHu of Okawaru (IceCv)
  12 vault guards
  3 eidola (Crypt:3)
  22 jiangshi
  19 fire dragons
  A blizzard demon (IceCv)
  3 minotaurs (Depths:2)
  11 ironheart preservers
  19 yaktaur captains
  15 death oozes (Slime:6)
  4 death cobs
  A quicksilver dragon zombie (Crypt:3)
  6 ice dragons
  4 spriggan air magi
  15 great orbs of eyes
  A kraken zombie (Hell)
  2 deep elf high priests
  19 naga warriors
  A ghost crab (Crypt:2)
  A quicksilver dragon skeleton (Crypt:2)
  A removed MONS_RAVENOUS_ITEM_MIMIC (Elf:3)
  15 ogre magi
  Nessos (D:12)
  14 hydras
  Erica (Elf:1)
  9 centaur warriors
  6 alligators
  15 anacondas
  A spectral fire giant (Crypt:3)
  3 death knights (Crypt:3)
  13 death yaks
  7 deep troll earth magi
  6 vampire magi
  10 deep troll shamans
  An alligator (shapeshifter) (Elf:3)
  5 shock serpents
  5 spriggan berserkers
  6 tengu warriors
  8 sun demons
  3 orc high priests
  6 very ugly things
  11 naga sharpshooters
  2 storm dragon zombies
  An iron golem (Depths:5)
  A titan skeleton (Crypt:1)
  29 hell knights
  45 skeletal warriors
  2 soul eaters (Hell)
  A fire crab (shapeshifter) (Elf:3)
  A large abomination (Crypt:3)
  2 unseen horrors (D:11)
  3 iron trolls
  3 fire crabs
  6 shadow wraiths
  27 deep elf knights
  A death drake (Zot:1)
  3 ice devils
  The ghost of hunterx7d the Conjurer, an experienced DECj of Vehumet (D:9)
  A salamander mystic (Snake:4)
  A golden dragon zombie (Crypt:2)
  A spriggan druid (Swamp:5)
  2 wizards
  An anaconda zombie (Hell)
  11 swamp dragons
  A ghost moth zombie (Hell)
  3 flayed ghosts
  38 deep trolls
  A death drake (shapeshifter) (Vaults:1)
  11 deep elf summoners
  2 orb spiders (shapeshifter)
  4 lindwurms (Lair:8)
  A lindwurm (shapeshifter) (Depths:5)
  2 anaconda skeletons
  4 giant orange brains
  12 ironbrand convokers
  A shadow dragon zombie (Geh:1)
  8 hill giants
  7 orc knights
  6 harpies
  3 orc sorcerers
  An ugly thing zombie (Depths:3)
  4 mana vipers
  An iron dragon zombie (Crypt:2)
  A tengu zombie (Depths:2)
  A griffon (shapeshifter) (Depths:2)
  2 wolf spiders
  13 shining eyes
  A sphinx skeleton (Depths:2)
  A faun (shapeshifter) (Depths:2)
  13 deep elf conjurers
  4 phantasmal warriors
  A hornet (Vaults:2)
  28 necromancers
  3 wolf spider zombies
  A fire giant zombie (Geh:2)
  6 hellions (Geh:3)
  3 manticores
  4 griffons
  2 stone giant zombies
  2 hell beasts (Hell)
  2 naga ritualists
  8 cyclopes
  2 steam dragons (Lair:8)
  3 frost giant zombies
  7 moths of wrath
  A salamander (shapeshifter) (Depths:2)
  2 frost giant skeletons
  8 salamanders
  15 vault sentinels
  2 fire giant skeletons
  Maurice (Orc:3)
  Joseph (D:6)
  2 torpor snails
  3 elephants (Lair:8)
  23 black mambas
  A spiny frog (shapeshifter) (Vaults:3)
  An eye of devastation (shapeshifter) (Depths:2)
  2 centaur skeletons (D:12)
  5 guardian serpents
  A sixfirhy (Elf:2)
  2 storm dragon simulacra
  6 eyes of devastation
  13 spiny frogs
  A tormentor (Hell)
  Psyche (Orc:2)
  An efreet (Zot:2)
  A spriggan zombie (Depths:2)
  13 naga magi
  4 fire drakes
  2 emperor scorpion zombies
  A demonic crawler (Hell)
  A purple draconian zombie (Crypt:2)
  3 rust devils (Hell)
  A komodo dragon (shapeshifter) (D:14)
  64 yaktaurs
  8 freezing wraiths
  3 jumping spiders
  5 tengu conjurers
  13 deep elf priests
  2 removed MONS_FEATURE_MIMICs
  A troll (shapeshifter) (Depths:3)
  2 kobold demonologists
  12 komodo dragons
  A wolf spider simulacrum (IceCv)
  5 red devils
  15 two-headed ogres
  8 trolls
  2 hydra zombies
  Sonja (D:15)
  A giant leech (shapeshifter) (Depths:5)
  2 anaconda simulacra (IceCv)
  A hydra skeleton (D:12)
  2 polar bears
  A removed MONS_BABY_ALLIGATOR (shapeshifter) (Depths:1)
  14 blink frogs
  Prince Ribbit (D:7)
  A shadow dragon simulacrum (Hell)
  5 giant leeches
  4 boulder beetles
  An ice dragon zombie (Crypt:3)
  A harpy skeleton (Geh:3)
  2 fire dragon zombies
  2 alligator zombies
  22 removed MONS_RAVENs
  164 slime creatures
  5 bog bodies
  2 air elementals (Depths:2)
  7 vampires
  2 basilisks
  A stone giant simulacrum (Crypt:3)
  An ettin zombie (Depths:3)
  52 flying skulls
  9 shadows
  3 fire dragon skeletons
  2 tarantellas (shapeshifter)
  A tarantella (Elf:1)
  9 water elementals
  A spriggan skeleton (Depths:2)
  9 wyverns
  An alligator skeleton (Hell)
  15 spriggans
  56 ugly things
  2 ettin skeletons
  55 yaks
  3 dire elephant simulacra (IceCv)
  14 wraiths
  29 deep elf magi
  A human (shapeshifter) (Depths:5)
  A wind drake skeleton (Crypt:1)
  A yak (shapeshifter) (Vaults:3)
  45 vampire mosquitoes
  A wind drake zombie (Crypt:2)
  A hill giant zombie (D:15)
  41 deep elf fighters
  A black mamba skeleton (Snake:1)
  2 hippogriffs (shapeshifter)
  7 wolves
  2 giant leech zombies
  30 fire elementals
  4 hungry ghosts
  4 iron troll simulacra (IceCv)
  A yaktaur simulacrum (Vaults:3)
  A warg (Orc:2)
  6 human zombies
  A hill giant skeleton (D:12)
  13 hippogriffs
  64 nagas
  A spectral spiny frog (Crypt:3)
  Edmund (D:7)
  A soldier ant (D:13)
  An elf skeleton (Vaults:3)
  12 swamp worms
  A small abomination (Crypt:3)
  24 water moccasins
  16 hell hounds
  2 deep troll zombies
  3 harpy simulacra (IceCv)
  2 spiny frog zombies
  A torturous demonspawn skeleton (Crypt:3)
  5 porcupines
  2 mottled dragons (Lair:8)
  38 orc warriors
  A putrid demonspawn skeleton (Crypt:1)
  A hydra simulacrum (Hell)
  A spider (shapeshifter) (Depths:1)
  4 manticore zombies
  Purgy (D:4)
  4 black bears
  An ettin simulacrum (IceCv)
  An alligator simulacrum (IceCv)
  10 wasps
  An ice dragon simulacrum (Hell)
  8 swamp drakes
  A catoblepas simulacrum (Crypt:1)
  3 phantoms
  A tengu (shapeshifter) (Vaults:4)
  6 ice beasts
  5 sky beasts
  2 manticore skeletons
  A snapping turtle zombie (Hell)
  4 killer bees
  40 ogres
  11 crocodiles
  8 necrophages
  A removed MONS_BORING_BEETLE (shapeshifter) (Depths:1)
  15 centaurs
  Sigmund (D:2)
  A crocodile (shapeshifter) (D:15)
  2 yaktaur zombies
  4 big kobolds
  2 lost souls
  A cyclops zombie (D:15)
  6 insubstantial wisps
  4 human skeletons
  14 giant frogs
  2 water moccasin zombies (Snake:5)
  2 yaktaur skeletons
  3 scorpions
  A scorpion (shapeshifter) (Depths:5)
  2 cyclops skeletons (D:11)
  2 troll zombies
  6 eyes of draining
  A yak zombie (D:10)
  15 wights
  3 tengu skeletons
  41 jellies
  2 troll skeletons
  4 beetles
  A wasp zombie (Swamp:5)
  6 crimson imps
  13 hounds
  A centaur zombie (Vaults:2)
  2 human simulacra (Vaults:2)
  4 elf zombies
  39 orc priests
  3 two-headed ogre zombies
  50 orc wizards
  A giant frog zombie (D:14)
  2 iron imps
  11 worker ants
  8 iguanas
  A two-headed ogre skeleton (D:12)
  9 sheep
  2 troll simulacra (IceCv)
  4 hell rats
  A wolf simulacrum (IceCv)
  A spriggan simulacrum (IceCv)
  2 polar bear simulacra (IceCv)
  2 centaur simulacra (IceCv)
  5 ogre zombies
  A brain worm zombie (Crypt:2)
  An ogre skeleton (Crypt:2)
  A hound zombie (D:5)
  A naga skeleton (Crypt:3)
  A mummy (D:13)
  A hell rat zombie (Crypt:1)
  A worker ant zombie (D:11)
  3 gnolls (D:7)
  4 naga simulacra (IceCv)
  An ogre simulacrum (IceCv)
  29 adders
  46 river rats
  A river rat (shapeshifter) (Depths:2)
  2 scorpion zombies
  6 shadow imps
  A removed MONS_GIANT_MITE (D:5)
  4 white imps
  4 worms
  3 ufetubi (IceCv)
  13 orc zombies
  2 adder zombies
  An iguana skeleton (Crypt:1)
  A lava snake skeleton (Crypt:1)
  A lava snake zombie (Crypt:2)
  4 giant geckos
  An ooze (shapeshifter) (Depths:4)
  221 orcs
  7 ball pythons
  20 bats
  A bat skeleton (D:7)
  9 giant cockroaches
  36 goblins
  23 hobgoblins
  9 jackals
  13 quokkas
  A giant cockroach zombie (D:4)
  9 giant newts
  A giant spore (D:12)
  A goblin zombie (D:4)
  2 hobgoblin skeletons
  A hobgoblin zombie (D:4)
  45 kobolds
  A kobold zombie (D:10)
  A lava orc skeleton (Crypt:1)
  2 orc skeletons
  17 rats
  A rat zombie (D:4)
  3 ballistomycetes (D:11)
  2 butterflies (Elf:3)
  2 crawling corpses (Elf:3)
  8 fungi
  18 plants
  A tentacle (Hell)
3065 creatures vanquished.

Vanquished Creatures (collateral kills)
  A profane servitor (Crypt:3)
  2 golden dragons (Depths:2)
  A lich (Depths:2)
  A deep elf blademaster (Elf:3)
  A quicksilver dragon (Depths:2)
  7 storm dragons
  A sphinx (Depths:2)
  4 thorn hunters
  Agnes (Swamp:4)
  3 shadow dragons
  A tengu reaver (Depths:2)
  A draconian monk (Zot:2)
  13 frost giants
  Wiglaf (Swamp:2)
  2 greater nagas (Snake:5)
  An iron dragon (Depths:5)
  A draconian scorcher (Depths:5)
  Louise (Swamp:1)
  An emperor scorpion (Depths:2)
  7 reapers
  2 fire giants
  A spriggan defender (Depths:5)
  Jorgrun (Depths:2)
  A draconian shifter (Zot:1)
  The ghost of Charly the Black Belt, a powerful DsMo of Trog (Snake:5)
  2 stone giants
  A deep elf annihilator (Elf:3)
  A yellow draconian (Zot:1)
  A black draconian (Zot:1)
  2 purple draconians (Depths:5)
  2 dire elephants
  2 blizzard demons
  A vault guard (Vaults:3)
  2 crystal guardians (Vaults:4)
  A fire dragon (Depths:5)
  Josephine (D:12)
  3 ironheart preservers
  3 jiangshi (Crypt:3)
  2 yaktaur captains
  A death cob (Zot:1)
  Fannar (Lair:5)
  10 ice dragons
  2 spriggan air magi
  5 naga warriors
  9 hydras
  4 anacondas
  4 centaur warriors
  3 shambling mangroves
  4 alligators
  3 ogre magi
  3 deep troll earth magi
  2 tengu warriors
  A deep troll shaman (Depths:4)
  3 naga sharpshooters
  2 hell knights (Depths:5)
  4 very ugly things
  2 spriggan berserkers
  A catoblepas (Lair:8)
  An iron golem (Hell)
  3 soul eaters
  An iron troll (Depths:2)
  A cyclops (D:15)
  A giant orange brain (Depths:2)
  A skeletal warrior (Depths:5)
  6 ice devils
  An orb spider (shapeshifter) (Depths:2)
  2 shadow wraiths (Crypt:3)
  2 deep elf knights (Elf:2)
  6 deep trolls
  Erolcha (D:11)
  A harpy (Vaults:1)
  2 deep elf summoners (Elf:3)
  A salamander mystic (Snake:1)
  A tengu zombie (Depths:2)
  An ironbrand convoker (Vaults:1)
  A naga ritualist (Snake:2)
  2 orc knights
  2 shining eyes
  11 swamp dragons
  4 deep elf conjurers
  2 hill giants
  A necromancer (Vaults:1)
  A wolf spider (Vaults:1)
  A griffon (Lair:7)
  An oklob plant (Lair:8)
  2 hornets
  4 mana vipers
  2 orc sorcerers
  A stone giant zombie (Depths:1)
  A fire giant zombie (Crypt:3)
  A tengu skeleton (Depths:3)
  A manticore (Lair:8)
  A salamander (Snake:4)
  2 black mambas
  A sphinx skeleton (Depths:3)
  3 elephants (Lair:8)
  A frost giant skeleton (Geh:1)
  A molten gargoyle (Zot:2)
  4 naga magi
  3 moths of wrath (Zot:1)
  A gargoyle (D:9)
  A guardian serpent (Snake:2)
  10 spiny frogs
  2 rust devils (Depths:5)
  A vault sentinel (Vaults:4)
  4 komodo dragons
  A removed MONS_FEATURE_MIMIC (Elf:3)
  11 yaktaurs
  2 demonic crawlers
  A tengu conjurer (D:15)
  6 giant leeches
  2 freezing wraiths (Vaults:4)
  2 silent spectres
  4 fire drakes
  3 blue devils
  A wandering mushroom (D:7)
  3 deep elf priests
  A red devil (Depths:5)
  5 two-headed ogres
  A tengu simulacrum (Depths:2)
  A wind drake (shapeshifter) (D:11)
  A boulder beetle (Vaults:4)
  3 bog bodies
  10 removed MONS_RAVENs
  20 blink frogs
  2 basilisks
  25 slime creatures
  A trapdoor spider (shapeshifter) (Elf:2)
  2 hungry ghosts (D:7)
  A spriggan (shapeshifter) (Vaults:4)
  4 shadows
  2 redbacks (Lair:6)
  7 spriggans
  2 air elementals (Depths:2)
  A wyvern (Lair:3)
  A water elemental (Depths:5)
  32 yaks
  7 deep elf fighters
  A steam dragon (Lair:8)
  12 ugly things
  3 hippogriffs
  A fire elemental (Depths:5)
  18 swamp worms
  5 vampire mosquitoes
  6 wolves
  A warg (Orc:4)
  A human zombie (Depths:5)
  9 nagas
  2 iron troll simulacra (IceCv)
  A water moccasin (shapeshifter) (Vaults:4)
  5 orc warriors
  3 porcupines
  6 swamp drakes
  23 water moccasins
  10 ice beasts (Lair:5)
  A black bear (D:6)
  9 wasps
  8 ogres
  2 phantoms
  8 crocodiles
  3 centaurs (D:13)
  2 big kobolds
  6 giant frogs
  25 insubstantial wisps
  A glowing shapeshifter simulacrum (Vaults:1)
  A cyclops skeleton (D:9)
  An eye of draining (D:9)
  A killer bee (D:11)
  A yak zombie (IceCv)
  6 crimson imps
  3 wights (D:6)
  4 hounds
  A lava snake (Zot:2)
  3 quasits
  An elf zombie (Depths:1)
  A jelly (D:9)
  4 orc priests
  5 orc wizards
  A centaur skeleton (Crypt:3)
  4 iguanas
  A cyclops simulacrum (D:12)
  7 worker ants
  13 sheep
  A crocodile zombie (Swamp:5)
  A centaur simulacrum (IceCv)
  Ijyb (D:7)
  An orc zombie (Orc:4)
  10 adders
  19 river rats
  3 shadow imps
  13 white imps
  2 removed MONS_GIANT_MITEs
  2 ufetubi (IceCv)
  2 oozes
  39 orcs
  A bat skeleton (D:4)
  3 hobgoblins
  5 jackals
  4 quokkas
  3 bats
  2 giant newts (D:2)
  A goblin (Orc:1)
  A goblin zombie (Crypt:1)
  3 kobolds
  A rat (D:3)
  A butterfly (Elf:3)
  5 fungi
  A plant (D:11)
770 creatures vanquished.

Vanquished Creatures (others)
  A very ugly thing zombie (Depths:2)
  A deep elf high priest (Elf:3)
  3 storm dragon zombies
  A golden dragon zombie (Crypt:3)
  A storm dragon skeleton (Zot:2)
  3 anaconda zombies
  A wizard (Vaults:2)
  A shadow dragon zombie (Depths:4)
  2 wolf spider zombies
  5 frost giant zombies
  4 draconian zombies
  3 fire giant zombies
  An iron dragon zombie (Depths:2)
  2 tengu skeletons
  11 stone giant zombies
  5 dire elephant zombies
  An iron dragon skeleton (Depths:5)
  A draconian skeleton (Zot:2)
  A guardian serpent (Snake:3)
  8 centaur zombies
  A frost giant skeleton (Vaults:3)
  2 stone giant skeletons
  A deep dwarf zombie (Depths:2)
  A pale draconian zombie (Zot:1)
  7 emperor scorpion zombies
  A grey draconian zombie (Depths:5)
  4 swamp worm zombies
  3 centaur skeletons
  2 yaktaurs (Vaults:2)
  9 death yak zombies
  2 redback zombies
  2 ghoul skeletons (Crypt:3)
  A death yak skeleton (Depths:5)
  A purple draconian skeleton (Depths:5)
  4 mana viper zombies
  2 deep elf priests (Elf:2)
  11 hydra zombies
  7 harpy zombies
  A minotaur zombie (Depths:2)
  10 moth of wrath zombies
  A wind drake (Zot:1)
  2 demonic crawler zombies
  4 hornet zombies
  10 ettin zombies
  A griffon zombie (Lair:8)
  11 fire dragon zombies
  6 ice dragon zombies
  A removed MONS_RAVEN (Depths:4)
  2 alligator zombies
  2 guardian serpent zombies (Snake:3)
  A jumping spider zombie (Slime:4)
  A tarantella zombie (Slime:5)
  A merfolk skeleton (Slime:5)
  An ettin skeleton (Vaults:4)
  3 deep troll skeletons
  A fire dragon skeleton (Depths:2)
  8 black mamba zombies
  6 giant leech zombies
  A black mamba skeleton (Snake:2)
  3 hill giant zombies
  A swamp worm (Swamp:5)
  A hill giant skeleton (Slime:5)
  16 deep troll zombies
  A merfolk zombie (Slime:4)
  7 removed MONS_RAVEN zombies
  A naga (Snake:5)
  7 tengu zombies
  8 spiny frog zombies
  A removed MONS_RAVEN skeleton (Swamp:4)
  3 elephant zombies (Lair:8)
  3 swamp dragon zombies (Swamp:5)
  An ogre (Vaults:4)
  A manticore zombie (D:14)
  4 ugly thing zombies
  8 blink frog zombies
  20 human zombies
  3 swamp dragon skeletons
  A cyclops zombie (D:15)
  17 vampire mosquito zombies
  14 elf skeletons
  A torpor snail zombie (Depths:5)
  A fire drake zombie (Lair:8)
  A fire drake skeleton (Lair:8)
  A salamander zombie (Snake:5)
  3 lost souls
  A fire crab zombie (Vaults:2)
  5 komodo dragon zombies
  3 yaktaur skeletons
  23 yaktaur zombies
  2 wyvern zombies
  3 hell hound zombies (Hell)
  2 human skeletons
  2 cyclops skeletons
  10 water moccasin zombies
  A boulder beetle zombie (Slime:4)
  3 killer bee zombies (D:11)
  7 spriggan zombies
  26 yak zombies
  A hippogriff zombie (D:11)
  2 water moccasin skeletons
  16 polar bear zombies (IceCv)
  5 spriggan skeletons
  3 yak skeletons
  A wolf zombie (Lair:8)
  A wolf skeleton (Lair:8)
  3 giant frog zombies
  19 elf zombies
  5 two-headed ogre zombies
  A black bear zombie (D:10)
  8 wasp zombies
  2 giant frog skeletons
  A bog body skeleton (Swamp:3)
  A porcupine zombie (Lair:1)
  A black bear skeleton (D:11)
  2 crocodile zombies
  12 ogre zombies
  2 big kobold zombies
  A sky beast zombie (D:6)
  4 necrophage skeletons (Crypt:3)
  16 naga zombies
  A crocodile skeleton (Lair:3)
  2 troll zombies
  3 hound zombies
  7 naga skeletons
  4 ogre skeletons
  2 hound skeletons
  8 worker ant zombies
  A scorpion zombie (D:11)
  2 steam dragon zombies (Lair:8)
  8 swamp drake zombies
  A swamp drake skeleton (Swamp:2)
  2 white imps (IceCv)
  3 adder zombies
  An iguana skeleton (Lair:6)
  3 iguana zombies
  An adder skeleton (Lair:2)
  A sheep skeleton (D:15)
  8 sheep zombies
  2 bat skeletons
  2 bat zombies (D:2)
  2 ball python skeletons
  2 giant cockroach zombies
  A giant gecko skeleton (D:2)
  A giant spore (D:11)
  A gnoll skeleton (D:7)
  A goblin (Orc:1)
  2 goblin skeletons (D:2)
  9 goblin zombies
  2 hobgoblin skeletons
  3 hobgoblin zombies
  3 jackal skeletons
  2 jackal zombies (D:11)
  4 kobold skeletons
  16 kobold zombies
  10 orc skeletons
  90 orc zombies
  A quokka skeleton (Lair:1)
  2 quokka zombies
  A rat skeleton (D:3)
  3 rat zombies
  2 removed MONS_GIANT_MITE zombies
  A river rat skeleton (Lair:5)
  24 river rat zombies
  34 fungi
  34 plants
  13 tentacles (Hell)
  166 tentacle segments (Hell)
  7 toadstools (Swamp:3)
1013 creatures vanquished.

Grand Total: 4848 creatures vanquished

Notes
Turn   | Place    | Note
--------------------------------------------------------------
     0 | D:1      | Edwin, the Vampire Necromancer, began the quest for the Orb.
     0 | D:1      | Reached XP level 1. HP: 13/13 MP: 3/3
   192 | D:1      | Reached XP level 2. HP: 19/19 MP: 3/5
   218 | D:1      | Learned a level 1 spell: Animate Skeleton
   459 | D:1      | Found a shattered altar of Ashenzari.
  1161 | D:2      | Reached XP level 3. HP: 7/24 MP: 0/8
  1463 | D:2      | Upgraded the game from 0.15-a0-734-g2b8d6ef to 0.15-a0-2036-g5428f20
  1824 | D:2      | Noticed Sigmund
  2228 | D:3      | Learned a level 3 spell: Vampiric Draining
  2331 | D:3      | Noticed catsarecewl's ghost (average GrFi)
  2425 | D:3      | Reached XP level 4. HP: 20/30 MP: 1/11
  2445 | D:3      | Learned a level 4 spell: Animate Dead
  2661 | D:2      | Killed Sigmund
  2661 | D:2      | Reached XP level 5. HP: 21/35 MP: 0/14
  3195 | D:3      | Reached skill level 5 in Spellcasting
  5265 | D:3      | Noticed a phantom
  5718 | D:2      | Killed a phantom
  5718 | D:2      | Reached skill level 6 in Spellcasting
  5718 | D:2      | Reached XP level 6. HP: 10/41 MP: 18/18
  6429 | D:4      | Noticed Purgy
  6438 | D:4      | Killed Purgy
  6441 | D:4      | Noticed N00bl0rd's ghost (average OgFi)
  6447 | D:4      | Your ally Purgy died
  6627 | D:4      | Found a white marble altar of Elyvilon.
  6663 | D:4      | Found a shattered altar of Ashenzari.
  6752 | D:4      | Upgraded the game from 0.15-a0-2036-g5428f20 to 0.15-a0-2144-g51de978
  6828 | D:4      | Reached skill level 7 in Spellcasting
  6828 | D:4      | Reached XP level 7. HP: 17/46 MP: 12/21
  8428 | D:5      | Entered Level 5 of the Dungeon
  8437 | D:5      | Found a basalt altar of Yredelemnul.
  8541 | D:5      | Found a burning altar of Makhleb.
  8563 | D:5      | Reached skill level 5 in Necromancy
  8631 | D:4      | Found a staircase to the Ecumenical Temple.
  8646 | Temple   | Entered the Ecumenical Temple
  8813 | Temple   | Became a worshipper of Kikubaaqudgha
 10229 | D:5      | Reached skill level 1 in Fighting
 10372 | D:5      | Reached XP level 8. HP: 33/55 MP: 13/23
 11652 | D:6      | Acquired Kikubaaqudgha's first power
 11652 | D:6      | Received a gift from Kikubaaqudgha
 11655 | D:6      | Identified Kikubaaqudgha's Compendium of Necromancy (Kikubaaqudgha gifted it to you on level 6 of the Dungeon)
 12155 | D:6      | Reached skill level 5 in Dodging
 12317 | D:6      | Found an iron altar of Okawaru.
 12855 | D:6      | Reached skill level 5 in Stealth
 13067 | D:7      | Acquired Kikubaaqudgha's second power
 13090 | D:7      | Noticed Joseph
 13171 | D:7      | Reached XP level 9. HP: 31/65 MP: 24/24
 13381 | D:7      | Noticed Prince Ribbit
 13400 | D:7      | Reached skill level 8 in Stealth
 13476 | D:6      | Gained mutation: You are covered in fur (AC +1). [potion of beneficial mutation]
 13728 | D:7      | Reached skill level 9 in Stealth
 14009 | D:6      | Killed Joseph
 14484 | D:7      | Gained mutation: You can translocate small distances at will. [potion of beneficial mutation]
 14491 | D:7      | Found a basalt altar of Yredelemnul.
 14517 | D:7      | Killed Prince Ribbit
 14566 | D:7      | Noticed Edmund
 14576 | D:7      | Killed Edmund
 14796 | D:7      | Noticed Ijyb
 14814 | D:7      | Killed Ijyb
 14947 | D:7      | Found Ofehuh's Gadget Shoppe.
 15149 | D:8      | Found Muahuz's Assorted Antiques.
 15193 | D:8      | Found Feoddao's Armour Emporium.
 15195 | D:8      | Found Yreguim's Book Emporium.
 15273 | D:7      | Your ally Ijyb died
 15346 | D:8      | Found Nisacwi's Armour Emporium.
 15747 | D:8      | Found Edech's Antique Weapon Emporium.
 15873 | D:8      | Reached XP level 10. HP: 69/71 MP: 27/27
 16438 | D:8      | Found a blossoming altar of Fedhas.
 17290 | D:7      | Received a gift from Kikubaaqudgha
 17293 | D:7      | Identified Kikubaaqudgha's Almanac of Dark Arts (Kikubaaqudgha gifted it to you on level 7 of the Dungeon)
 18819 | D:8      | Learned a level 5 spell: Agony
 18825 | D:8      | Learned a level 5 spell: Dispel Undead
 18832 | D:9      | Reached skill level 10 in Spellcasting
 18887 | D:9      | Noticed hunterx7d's ghost (experienced DECj)
 18889 | D:9      | Killed hunterx7d's ghost
 18889 | D:9      | Reached skill level 10 in Necromancy
 19450 | D:9      | Found a snail-covered altar of Cheibriados.
 19705 | D:9      | Found a glowing golden altar of the Shining One.
 19955 | D:10     | Entered Level 10 of the Dungeon
 19964 | D:10     | Found Ghiele's Antique Armour Emporium.
 19986 | D:10     | Bought a pair of embroidered gloves for 121 gold pieces
 20997 | D:10     | Reached XP level 11. HP: 76/76 MP: 13/30
 21156 | D:11     | Reached skill level 11 in Necromancy
 21582 | D:11     | Noticed an unseen horror
 21593 | D:11     | Killed an unseen horror
 22828 | D:11     | Noticed a hill giant
 22858 | D:11     | Killed a hill giant
 22858 | D:11     | Acquired Kikubaaqudgha's third power
 23347 | D:11     | Noticed an unseen horror
 23361 | D:11     | Killed an unseen horror
 23538 | D:11     | Noticed Erolcha
 23638 | D:11     | Reached skill level 10 in Dodging
 23821 | D:11     | Learned a level 5 spell: Bolt of Draining
 23824 | D:11     | Noticed a hill giant
 23926 | D:11     | Killed a hill giant
 23926 | D:11     | Reached skill level 1 in Conjurations
 24391 | D:11     | Found a staircase to the Lair.
 24642 | Lair:1   | Entered Level 1 of the Lair of Beasts
 25164 | D:11     | Killed Erolcha
 25164 | D:11     | Reached XP level 12. HP: 17/83 MP: 29/31
 26026 | Lair:1   | Reached skill level 5 in Conjurations
 27400 | Lair:3   | Acquired Kikubaaqudgha's fourth power
 27446 | Lair:3   | Noticed a six-headed hydra
 27459 | Lair:3   | Killed a six-headed hydra
 28864 | Lair:4   | Found a staircase to the Snake Pit.
 28913 | Lair:3   | Reached skill level 12 in Spellcasting
 29477 | Lair:4   | Noticed a four-headed hydra
 29486 | Lair:4   | Killed a four-headed hydra
 29749 | Lair:4   | Learned a level 2 spell: Repel Missiles
 30278 | Lair:4   | Reached skill level 1 in Charms
 30472 | Lair:5   | Noticed Fannar
 30544 | Lair:5   | Reached skill level 1 in Air Magic
 30571 | Lair:5   | Got a glittering garnet amulet
 30605 | Lair:5   | Reached XP level 13. HP: 88/88 MP: 25/33
 30620 | Lair:5   | Noticed an ice dragon
 30627 | Lair:5   | Killed an ice dragon
 31186 | Lair:5   | Identified the amulet of Monotheism {Gourm Slay+4} (You found it on level 5 of the Lair of Beasts)
 32264 | Lair:5   | Killed Fannar
 32463 | Lair:6   | Got a slimy ring mail
 32736 | Lair:5   | Learned a level 3 spell: Flight
 33005 | Lair:6   | Found a staircase to the Slime Pits.
 33132 | Lair:6   | Reached skill level 5 in Charms
 34319 | Lair:6   | Found a staircase to the Swamp.
 36352 | Lair:8   | Entered Level 8 of the Lair of Beasts
 37753 | Lair:8   | Reached skill level 13 in Necromancy
 37759 | Lair:8   | Reached XP level 14. HP: 90/94 MP: 10/34
 38175 | Lair:8   | Identified the +2 ring mail "Treoc" {Str+4 Stlth--} (You found it on level 6 of the Lair of Beasts)
 39059 | Lair:8   | Reached skill level 14 in Necromancy
 39566 | Lair:8   | Identified the Grimoire of Changing
 40860 | Lair:8   | Reached skill level 15 in Necromancy
 42295 | Lair:1   | Upgraded the game from 0.15-a0-2144-g51de978 to 0.15-a0-2151-gce93697
 42467 | D:12     | Noticed Nessos
 42570 | D:12     | Killed Nessos
 43268 | D:12     | Found a roughly hewn altar of Beogh.
 43286 | D:12     | Found a staircase to the Orcish Mines.
 43651 | D:12     | Found a white marble altar of Elyvilon.
 44402 | D:12     | Found an iron altar of Okawaru.
 44749 | D:12     | Noticed Josephine
 44759 | D:12     | Killed Josephine
 45510 | D:13     | Found a flagged portal.
 45511 | D:13     | the flagged portal was a mimic.
 47921 | D:14     | Reached XP level 15. HP: 97/99 MP: 31/35
 48037 | D:14     | Identified a scroll of acquirement
 49323 | D:14     | Found a gate to the Vaults.
 49529 | D:15     | Entered Level 15 of the Dungeon
 49746 | D:15     | Noticed Roxanne
 49927 | D:15     | Found a staircase to the Depths.
 51206 | D:15     | Noticed Sonja
 51210 | D:15     | Killed Sonja
 51244 | D:15     | Your ally Sonja died
 52666 | Orc:1    | Entered Level 1 of the Orcish Mines
 52785 | D:8      | Bought a book of Power for 630 gold pieces
 52791 | D:8      | Learned a level 4 spell: Iskenderun's Mystic Blast
 53843 | Orc:2    | Noticed Psyche
 53850 | Orc:2    | Killed Psyche
 54764 | Orc:3    | Noticed Maurice
 54769 | Orc:3    | Killed Maurice
 54905 | Orc:3    | Found a staircase to the Elven Halls.
 54942 | Orc:3    | Noticed Donald
 54949 | Orc:3    | Killed Donald
 55302 | Orc:3    | Found a roughly hewn altar of Beogh.
 56138 | Orc:4    | Entered Level 4 of the Orcish Mines
 56487 | Orc:4    | Found a roughly hewn altar of Beogh.
 56667 | Orc:4    | Found a roughly hewn altar of Beogh.
 56895 | Orc:4    | Found a roughly hewn altar of Beogh.
 56923 | Orc:4    | Found Psaineel's Gadget Shoppe.
 57144 | Orc:4    | Found a roughly hewn altar of Beogh.
 57160 | Orc:4    | Found a roughly hewn altar of Beogh.
 57314 | Orc:4    | Found a roughly hewn altar of Beogh.
 57314 | Orc:4    | Found Cruschol's Assorted Antiques.
 57378 | Orc:4    | Bought a flickering brass ring for 170 gold pieces
 57379 | Orc:4    | Identified the ring "Leugeih" {SustAb Dex+3 Slay-1} (You bought it in a shop on level 4 of the Orcish Mines)
 57380 | Orc:4    | Bought a twisted broad axe for 306 gold pieces
 57612 | Orc:4    | Found a roughly hewn altar of Beogh.
 57692 | Orc:4    | Found a roughly hewn altar of Beogh.
 57955 | Orc:4    | Reached skill level 5 in Fighting
 59085 | Orc:4    | Found Hiof's Antique Weapon Boutique.
 59085 | Orc:4    | Found a roughly hewn altar of Beogh.
 59087 | Orc:4    | Found Uwujofooq's Antique Armour Shop.
 59116 | Orc:4    | Bought a transparent dagger for 217 gold pieces
 59123 | Orc:4    | Identified the +6 dagger of the Clouds {drain, rC-} (You bought it in a shop on level 4 of the Orcish Mines)
 59124 | Orc:4    | Identified the cursed +5 broad axe of Peace {freeze, +Inv rElec rPois rN+ Int-3} (You bought it in a shop on level 4 of the Orcish Mines)
 59371 | Snake:1  | Entered Level 1 of the Snake Pit
 60278 | Snake:1  | Upgraded the game from 0.15-a0-2151-gce93697 to 0.15-a0-2165-g9981db6
 60343 | Snake:1  | Found Mnuoniaj's Gadget Shoppe.
 61137 | Snake:2  | Reached skill level 10 in Conjurations
 61443 | Snake:2  | Reached XP level 16. HP: 80/112 MP: 27/37
 62167 | Snake:3  | Noticed Vashnia
 65904 | Snake:3  | Learned a level 6 spell: Haste
 67421 | Swamp:1  | Entered Level 1 of the Swamp
 67852 | Swamp:1  | Noticed Louise
 67879 | Swamp:1  | Killed Louise
 67879 | Swamp:1  | Reached skill level 15 in Spellcasting
 70002 | Swamp:2  | Noticed Wiglaf
 70253 | Swamp:2  | Killed Wiglaf
 70885 | Swamp:2  | Upgraded the game from 0.15-a0-2165-g9981db6 to 0.15-a0-2172-g9ff0d5b
 71010 | Swamp:2  | Reached skill level 16 in Spellcasting
 72393 | Swamp:4  | Found a frozen archway.
 72478 | IceCv    | Entered an ice cave
 72486 | IceCv    | Noticed Liquorice's ghost (powerful CeHu)
 72489 | IceCv    | Killed Liquorice's ghost
 72489 | IceCv    | Reached XP level 17. HP: 98/117 MP: 27/39
 73364 | IceCv    | Gained mutation: You tend to lose your temper in combat. [mutagenic glow]
 75740 | IceCv    | Got a wavering platinum ring
 75744 | IceCv    | Got a faintly glowing bastard sword
 75751 | IceCv    | Identified the ring "Proah" {+Rage rElec rC+ rN+} (You found it in an ice cave)
 75763 | IceCv    | Learned a level 6 spell: Simulacrum
 76072 | Lair:1   | Identified a +2 rod of the swarm (9/9) (You found it in an ice cave)
 76074 | Lair:1   | Identified the +3 bastard sword of the Stoat {freeze, rPois SInv} (You found it in an ice cave)
 76447 | Swamp:3  | Reached skill level 1 in Ice Magic
 76909 | Swamp:4  | Noticed Agnes
 76921 | Swamp:4  | Killed Agnes
 77798 | Swamp:5  | Entered Level 5 of the Swamp
 77938 | Swamp:5  | Reached skill level 5 in Ice Magic
 78086 | Swamp:5  | Upgraded the game from 0.15-a0-2172-g9ff0d5b to 0.15-a0-2193-g309c75d
 81624 | Swamp:5  | Noticed the 27-headed Lernaean hydra
 81644 | Swamp:5  | HP: 3/117 [six-headed hydra (7)]
 83239 | Lair:1   | Upgraded the game from 0.15-a0-2193-g309c75d to 0.15-a0-2232-g756d4b8
 83426 | Elf:1    | Entered Level 1 of the Elven Halls
 83726 | Lair:1   | Learned a level 6 spell: Bolt of Cold
 83741 | Lair:1   | Learned a level 6 spell: Freezing Cloud
 84742 | Snake:3  | Upgraded the game from 0.15-a0-2232-g756d4b8 to 0.15-a0-2246-gfd41422
 85480 | Snake:2  | Reached skill level 10 in Ice Magic
 86455 | Snake:3  | Killed Vashnia
 86538 | Snake:3  | Your ally Vashnia died
 87779 | Snake:4  | Reached XP level 18. HP: 114/123 MP: 31/39
 88960 | Snake:5  | Entered Level 5 of the Snake Pit
 89330 | Snake:5  | Noticed Charly's ghost (powerful DsMo)
 89334 | Snake:5  | Killed Charly's ghost
 90897 | Snake:5  | Noticed Asterion
 91250 | Snake:5  | Killed Asterion
 91848 | Snake:5  | Got a serpentine rune of Zot
 92345 | Lair:1   | Upgraded the game from 0.15-a0-2246-gfd41422 to 0.15-a0-2265-gb33f7a6
 92608 | Vaults:1 | Entered Level 1 of the Vaults
 92983 | Depths:1 | Entered Level 1 of the Depths
 95181 | Depths:1 | Found a gateway to Hell.
 95403 | Depths:1 | Reached XP level 19. HP: 122/129 MP: 29/40
 97090 | Vaults:1 | Reached skill level 15 in Ice Magic
 99201 | Vaults:1 | Noticed a golden dragon
 99209 | Vaults:1 | Killed a golden dragon
 99654 | Vaults:2 | Found Suhaoj's General Store.
 99661 | Vaults:2 | Bought a scroll of identify for 38 gold pieces
100778 | Vaults:2 | Noticed Boris
100784 | Vaults:2 | Killed Boris
100814 | Vaults:2 | Reached skill level 15 in Dodging
101374 | Vaults:2 | Found Truxkyw's Magic Scroll Shoppe.
101379 | Vaults:2 | Upgraded the game from 0.15-a0-2265-gb33f7a6 to 0.15-a0-2374-gaadabb3
102178 | Vaults:2 | Reached XP level 20. HP: 135/135 MP: 37/41
102410 | Vaults:2 | Found a staircase to the Crypt.
102764 | Crypt:1  | Entered Level 1 of the Crypt
104107 | Crypt:1  | Found an ancient bone altar of Kikubaaqudgha.
106164 | Crypt:2  | Reached skill level 17 in Spellcasting
106801 | Crypt:2  | Identified the Compendium of Bewitchment
107136 | Crypt:3  | Entered Level 3 of the Crypt
108130 | Crypt:3  | Found a basalt altar of Yredelemnul.
108980 | Vaults:3 | Noticed Mennas
109884 | Swamp:5  | Got a decaying rune of Zot
110077 | Swamp:5  | Killed the 27-headed Lernaean hydra
110144 | Swamp:4  | Upgraded the game from 0.15-a0-2374-gaadabb3 to 0.15-a0-2388-g9f833ab
111151 | Elf:1    | Noticed Erica
111159 | Elf:1    | Killed Erica
111246 | Elf:1    | Noticed Azrael
111273 | Elf:1    | Killed Azrael
111669 | Elf:2    | Noticed Frances
111680 | Elf:2    | Killed Frances
111680 | Elf:2    | Reached XP level 21. HP: 141/141 MP: 4/42
112083 | Elf:2    | Reached skill level 18 in Spellcasting
113387 | Elf:3    | Entered Level 3 of the Elven Halls
114283 | Elf:3    | Noticed spanner's ghost (mighty SpEn)
114295 | Elf:3    | Killed spanner's ghost
114978 | Elf:3    | Got a bloodstained mace {venom}
114997 | Elf:3    | Got an uncursed twisted war axe {venom}
115595 | Elf:3    | Got a wavering zirconium amulet
115596 | Elf:3    | Identified the amulet of the Middle {Inacc Int-3} (You found it on level 3 of the Elven Halls)
116206 | Elf:3    | Identified the Grimoire of Doomed Transmigration
116423 | Elf:3    | Got a brightly glowing quarterstaff
116423 | Elf:3    | Got a steaming chain mail
116424 | Elf:3    | Identified the cursed +3 quarterstaff "Cila" {crush, rPois Stlth--} (You took it off a deep elf priest on level 3 of the Elven Halls)
116426 | Elf:3    | Identified the +10 mace "Streyript" {venom, rC++} (You took it off a deep elf demonologist on level 3 of the Elven Halls)
116427 | Elf:3    | Identified the +7 war axe "Waonne Strom" {venom, rElec rC++ Stlth-} (You took it off a deep elf fighter on level 3 of the Elven Halls)
116443 | Elf:3    | Identified the +4 chain mail "Etziane" {Dex+3 Int+3} (You took it off a deep elf priest on level 3 of the Elven Halls)
117163 | Depths:2 | Noticed the Enchantress
117184 | Depths:2 | Reached skill level 19 in Spellcasting
118419 | Depths:2 | Found a glowing silver altar of Zin.
118420 | Depths:2 | Found a glowing silver altar of Zin.
118420 | Depths:2 | Found a bloodstained altar of Trog.
118530 | Depths:2 | Noticed Jorgrun
118545 | Depths:2 | Killed Jorgrun
118847 | Depths:2 | Reached skill level 15 in Conjurations
119195 | Depths:2 | Reached XP level 22. HP: 115/147 MP: 9/43
119426 | Depths:2 | Found a one-way gate to the infinite horrors of the Abyss.
119556 | Depths:2 | Noticed a golden dragon
119563 | Depths:2 | Killed a golden dragon
119594 | Depths:2 | Your ally Jorgrun died
120426 | Depths:2 | Upgraded the game from 0.15-a0-2388-g9f833ab to 0.16-a0-5-g756871a
120729 | Depths:2 | Noticed Sojobo
121866 | Depths:2 | Killed Sojobo
123230 | Depths:2 | Reached skill level 20 in Spellcasting
123356 | Depths:2 | Got a steaming hand crossbow
123374 | Depths:2 | Identified the +9 hand crossbow of the Unseen Realm {penet, rElec rC++} (You found it on level 2 of the Depths)
124284 | Vaults:1 | Noticed a golden dragon
124298 | Vaults:1 | Killed a golden dragon
125571 | Crypt:3  | Got an ichor-stained leather armour
125572 | Crypt:3  | Identified the +2 leather armour of Topsev {Str-4 Slay-6} (You took it off a necromancer on level 3 of the Crypt)
126676 | Crypt:3  | Reached XP level 23. HP: 153/153 MP: 31/45
128458 | Crypt:3  | Identified the Papyrus of Darkness
129284 | Crypt:3  | Reached skill level 21 in Spellcasting
129359 | Crypt:3  | Noticed Jory
129365 | Crypt:3  | Killed Jory
129516 | Crypt:3  | Found a staircase to the Tomb.
129569 | Tomb:1   | Entered Level 1 of the Tomb of the Ancients
130274 | Vaults:3 | Found a staircase to the Hall of Blades.
130608 | Vaults:3 | Found a portal to a secret trove of treasure.
130685 | Vaults:3 | Reached skill level 10 in Stealth
132774 | Vaults:4 | Reached skill level 15 in Stealth
134212 | Vaults:4 | Reached XP level 24. HP: 112/159 MP: 7/45
135675 | Depths:3 | Noticed Margery
136343 | Depths:3 | Found a one-way gate leading to the halls of Pandemonium.
137628 | Depths:3 | Found a gateway to a ziggurat.
138587 | Depths:3 | Reached skill level 1 in Shields
138700 | Depths:3 | Killed Margery
139890 | Depths:3 | Reached skill level 1 in Armour
141576 | Depths:4 | Reached skill level 5 in Shields
142236 | Depths:4 | Reached skill level 5 in Armour
142525 | Depths:5 | Entered Level 5 of the Depths
143099 | Depths:5 | Upgraded the game from 0.16-a0-5-g756871a to 0.16-a0-38-g23a437e
143346 | Depths:5 | Reached XP level 25. HP: 150/165 MP: 42/46
144945 | Depths:5 | Found a gate to the Realm of Zot.
145209 | Depths:5 | Reached skill level 5 in Air Magic
145907 | Hell     | Entered the Vestibule of Hell
145907 | Hell     | Noticed Geryon
145919 | Hell     | Killed Geryon
149750 | Vaults:1 | Reached skill level 10 in Armour
149835 | Vaults:3 | You showed the horn of Geryon to enter a treasure trove
149836 | Trove    | Entered a treasure trove
149854 | Trove    | Got a smoking shield
149858 | Trove    | Got a crude lapis lazuli ring
149862 | Trove    | Identified the Volume of Attacks and the Birds
149871 | Trove    | Identified the -5 shield "Khucaf" {rElec SInv} (You found it in a treasure trove)
149872 | Trove    | Identified the ring of Usiomp {Fire MR+ Int+2} (You found it in a treasure trove)
150527 | Slime:1  | Entered Level 1 of the Pits of Slime
152375 | Slime:1  | Gained mutation: You are dopey. (Int -2) [a shining eye]
153545 | Slime:3  | Gained mutation: You have difficulty communicating with the divine. [a shining eye]
155745 | Slime:5  | Found a viscous altar of Jiyva.
156081 | Slime:6  | Entered Level 6 of the Pits of Slime
156247 | Slime:5  | Reached skill level 10 in Shields
158000 | Slime:6  | Noticed the royal jelly
158217 | Slime:6  | Reached XP level 26. HP: 129/171 MP: 29/46
159495 | Slime:6  | Found a viscous altar of Jiyva.
160161 | Slime:6  | Killed the royal jelly
162066 | Slime:6  | Got a brightly glowing robe
162115 | Slime:6  | Got a wavering marble ring
162121 | Slime:6  | Identified the Almanac of the Snowflakes and Stones (You found it on level 6 of the Pits of Slime)
162197 | Slime:6  | Identified the ring of Syxaoq Teph {rC+ EV+3 Dex+3 Stlth+} (You found it on level 6 of the Pits of Slime)
162312 | Slime:5  | Identified the +0 robe of the Zebra {+Inv rC+ rN+} (You found it on level 6 of the Pits of Slime)
162363 | Slime:6  | Got a pair of faintly humming boots
162383 | Slime:6  | Identified the +0 pair of boots of the Planets {Str+5 Dex+4} (You found it on level 6 of the Pits of Slime)
162400 | Slime:6  | Got a slimy rune of Zot
162402 | Slime:6  | Identified the Tome of Confrontation
162406 | Slime:6  | Got a bloodstained quarterstaff
162408 | Slime:6  | Got a brightly glowing morningstar
162410 | Slime:6  | Identified the +8 morningstar of Urgency {flame, Contam rElec rPois rC+ Str+2} (You found it on level 6 of the Pits of Slime)
162477 | Slime:6  | Gained mutation: You possess an exceptional clarity of mind. [potion of mutation]
163028 | Lair:1   | Identified a +4 rod of clouds (13/13) (You found it on level 6 of the Pits of Slime)
164103 | Hell     | Found a gateway to the ashen valley of Gehenna.
164110 | Hell     | Upgraded the game from 0.16-a0-38-g23a437e to 0.16-a0-44-gd96af6c
164416 | Hell     | Found a gateway to the decaying netherworld of Tartarus.
165169 | Hell     | Found a gateway to the freezing wastes of Cocytus.
166726 | Geh:1    | Entered Level 1 of Gehenna
168568 | Zot:1    | Entered Level 1 of the Realm of Zot
169931 | Zot:1    | Reached XP level 27. HP: 174/174 MP: 3/47
170609 | Zot:1    | Upgraded the game from 0.16-a0-44-gd96af6c to 0.16-a0-51-g3cd7026
171086 | Zot:2    | Noticed an orb of fire
172385 | Zot:2    | Upgraded the game from 0.16-a0-51-g3cd7026 to 0.16-a0-223-g37887f7
173685 | Zot:2    | Upgraded the game from 0.16-a0-223-g37887f7 to 0.17-a0-1708-gbd78d88
173685 | Zot:2    | Quit the game

Vault maps used:
D:1:      evilmike_arrival_plus, kennysheep_flooded_box,
          minmay_stone_trees_small, minmay_misc_feat_room
D:2:      uniq_sigmund
D:3:      hangedman_decor_growths, kennysheep_generic_room_13
D:4:      kennysheep_little_box, cheibrodos_ashenzari_chains,
          minmay_temple_entry_mist, first_bread,
          nicolae_ossuary_entry_false_entrances, kennysheep_cross_bottleneck,
          uniq_purgy
D:5:      basic_altar, lemuel_statue_altar
D:6:      corexii_shack_village, lemuel_doored_altar
D:7:      nicolae_overflow_hidden_temple, serial_shops, shop, uniq_iyjb,
          uniq_joseph, uniq_edmund, uniq_prince_ribbit1
D:8:      serial_shops, shop, shop, shop, kennysheep_mini_moat, shop,
          hangedman_tree_tricks
D:9:      nicolae_tso_swordbearing_angel, kennysheep_mini
D:10:     serial_shops, shop
D:11:     grunt_lair_entry_elf_guard_hut, uniq_erolcha
D:12:     david_orc_5, hangedman_feature_mirror, uniq_josephine, uniq_nessos
D:13:     enter_bailey_1
D:14:     hangedman_vaults_entry_quadrant_bands, minmay_misc_feat_alley
D:15:     grunt_enter_depths_snipers, uniq_roxanne, uniq_sonja
Temple:   circular_temple_12
Lair:1:   patterned_corridor, lemuel_fruit_tree
Lair:3:   minivault_24
Lair:4:   guppyfry_snake_entry_garden
Lair:5:   minivault_19, ice2_lemuel, uniq_fannar
Lair:6:   minmay_swamp_entry_worms, slime_dummy, wad_woods_road_02,
          st_stairs_11, beast_lair_carwin_6, serial_bayou_shore_b
Lair:8:   hangedman_lair_in_review, guppyfry_lair_end_dragon,
          minmay_lindwurm_lava
Swamp:1:  serial_swamp_ruin, evilmike_swamp_ruin_house_2,
          evilmike_swamp_ruin_house_5, evilmike_swamp_ruin_rubble_2, uniq_louise
Swamp:2:  infiniplex_staircase_pool, swamp_pool4, uniq_wiglaf
Swamp:3:  cheibrodos_swamp_tower_of_moss, evilmike_swamp_ruin_house_4
Swamp:4:  portal_ice_cave_entry_imps, evilmike_swamp_ruin_rubble_1, swamp_pool4,
          hangedman_swamp_lotus, uniq_agnes
Swamp:5:  swamp_old_school
Snake:1:  serial_shops, nicolae_shop_stone
Snake:3:  hangedman_snake_corridor_cut, grunt_megastairs_5, uniq_vashnia
Snake:5:  minmay_snake_end_coiled, grunt_ministairs_1,
          nicolae_snake_round_shape_thing, serial_bayou_shore_b, uniq_asterion
Slime:3:  cheibrodos_slime_lost_civilization_1
Slime:5:  basic_altar, cheibrodos_slime_lost_civilization_6
Orc:2:    uniq_psyche
Orc:3:    basic_altar, nicolae_orc_pool_cavern, uniq_maurice, uniq_donald
Orc:4:    grunt_orc_community_town_hall, grunt_orc_community_big_house_1,
          grunt_orc_community_big_house_1, grunt_orc_community_house_1,
          grunt_orc_community_house_3, grunt_orc_community_house_2,
          grunt_orc_community_house_1, grunt_orc_community_house_2,
          grunt_orc_community_house_1
Elf:1:    minmay_elf_arrival_circle, sword_in_stone, uniq_azrael
Elf:2:    serial_sigils, serial_sigils_hangedman_clutch,
          serial_sigils_hangedman_shear, serial_sigils_hangedman_snap,
          serial_sigils_hangedman_snap, lemuel_flamethrower_2, uniq_frances
Elf:3:    grunt_elf_hall_branching
Vaults:1: hangedman_vaults_nodes, vaults_room_boxed, nicolae_vaults_alarming,
          nicolae_vaults_ring_of_whatevers, ontoclasm_vaults_decontamination,
          hangedman_vaults_impose, v_misc_13, hangedman_vaults_capsules,
          grunt_vaults_hallway_short
Vaults:2: v_misc_29, vaults_room_corners, minmay_crypt_entry_vampire_xt,
          vaults_dpeg_ring, nicolae_vaults_little_squares_2, v_misc_4,
          v_misc_10, v_misc_4, v_misc_27, ontoclasm_vaults_claustrophobia,
          nicolae_vaults_diagonal_hallway_8, ontoclasm_vaults_loading_screen,
          serial_shops, nicolae_shop_stone, shop, uniq_boris
Vaults:3: vaults_standard_mumra_enter_the_diamond, ontoclasm_vaults_misaligned,
          hangedman_vaults_impose, ontoclasm_vaults_bender,
          hangedman_vaults_river_flow, v_pattern_2, vaults_standard_mumra_x,
          vaults_dpeg_hooks, v_misc_19, v_alt_pattern_5, vaults_mumra_lcd,
          ontoclasm_vaults_eye, nicolae_vaults_ring_of_whatevers,
          vaults_dpeg_diagonal, nicolae_trove_entry_free_sample, uniq_mennas
Vaults:4: nicolae_vaults_octagons, hangedman_vaults_nails,
          vaults_mumra_minichess, ontoclasm_vaults_twist,
          ontoclasm_vaults_ring_square, ontoclasm_vaults_hangar
Crypt:1:  basic_altar, hex_medium
Crypt:3:  grunt_crypt_end_deaths_head
Tomb:1:   uniq_khufu
Depths:1: serial_glass, glass_columns_c, glass_columns_a, serial_bayou_lagoon_a,
          grunt_hell_entry_dis_mu, solitary_fountain, kennysheep_generic_room_3,
          serial_bayou_shore_a, infiniplex_staircase_pool_lava
Depths:2: hangedman_slaughterboxes, abyss_entry, hell_entry, serial_shops,
          uniq_jorgrun, uniq_sojobo, uniq_enchantress
Depths:3: cheibrodos_birdhouse, enter_ziggurat_f, dk_noncrumbling_3, pan_entry,
          grunt_metal_band, abyss_entry
Depths:4: minmay_connected_triangles_in_corner, abyss_entry,
          pf_hell_entry_tar_spiral, dispersion_dpeg, minmay_staircase_bubble
Depths:5: grunt_crosshair, hangedman_coc_ice_floe, abyss_entry,
          columned_hall_lemuel, minmay_door_square, serial_bayou_shore_b,
          kennysheep_random_hallway
Geh:2:    lemuel_elevator
Geh:3:    lemuel_hellion_isle
Zot:2:    lemuel_firehouse
Trove:    trove_simple
IceCv:    ice_cave_caverns_03

Action                   |  1- 3 |  4- 6 |  7- 9 | 10-12 | 13-15 | 16-18 | 19-21 | 22-24 | 25-27 || total
-------------------------+-------+-------+-------+-------+-------+-------+-------+-------+-------++-------
Melee: Dagger            |    61 |    92 |   177 |   311 |       |       |       |       |       ||   641
       Short sword       |       |       |   199 |   111 |   118 |       |       |       |       ||   428
       Unarmed           |       |       |    10 |       |       |    23 |       |       |   160 ||   193
       Battleaxe         |       |       |       |    78 |   495 |       |       |       |       ||   573
       Long sword        |       |       |       |       |   296 |       |       |       |       ||   296
       Broad axe         |       |       |       |       |    26 |   185 |       |       |       ||   211
       Double sword      |       |       |       |       |       |    50 |       |       |       ||    50
       Staff             |       |       |       |       |       |    21 |   141 |    85 |    70 ||   317
       Rod               |       |       |       |       |       |       |     6 |       |       ||     6
 Cast: Pain              |    73 |    28 |   229 |   501 |   595 |    21 |     4 |     2 |       ||  1453
       Animate Skeleton  |    16 |       |       |       |       |       |       |       |       ||    16
       Vampiric Draining |       |    40 |    79 |    56 |   109 |     3 |       |       |       ||   287
       Animate Dead      |       |    12 |    22 |    54 |   121 |   108 |    54 |    90 |    47 ||   508
       Agony             |       |       |       |   187 |   589 |   354 |     8 |    24 |   112 ||  1274
       Dispel Undead     |       |       |       |    24 |    55 |    58 |   257 |   285 |   119 ||   798
       Repel Missiles    |       |       |       |       |     4 |     3 |     4 |     2 |     5 ||    18
       Flight            |       |       |       |       |     3 |     3 |       |     1 |     1 ||     8
       Iskenderun's Myst |       |       |       |       |   203 |   395 |    26 |     1 |    79 ||   704
       Bolt of Draining  |       |       |       |       |    15 |       |       |       |       ||    15
       Haste             |       |       |       |       |       |    11 |    13 |    13 |    25 ||    62
       Bolt of Cold      |       |       |       |       |       |   183 |   308 |   318 |   427 ||  1236
       Freezing Cloud    |       |       |       |       |       |    37 |   190 |   202 |   264 ||   693
Invok: Receive Corpses   |       |       |       |     4 |     2 |    22 |     4 |    11 |    23 ||    66
 Abil: End Transformatio |       |       |     3 |     7 |     3 |    19 |     9 |    14 |    16 ||    71
       Bat Form          |       |       |     3 |     7 |     3 |    19 |     9 |    14 |    16 ||    71
       Blink             |       |       |     1 |       |       |       |       |       |     5 ||     6
       No ability        |       |       |       |       |       |       |     8 |     3 |       ||    11
Evoke: Wand              |       |       |     1 |       |     8 |    11 |     9 |     8 |    12 ||    49
       Rod               |       |       |       |       |       |     1 |     2 |       |     1 ||     4
       Horn of Geryon    |       |       |       |       |       |       |       |       |     1 ||     1
  Use: Scroll            |     5 |     2 |     9 |    12 |    12 |    17 |     8 |    10 |    19 ||    94
       Potion            |       |       |     8 |     1 |     3 |     6 |    11 |     2 |     7 ||    38
 Stab: Sleeping          |     1 |     2 |    10 |    20 |    19 |     1 |     1 |     1 |       ||    55
       Distracted        |       |       |     1 |     5 |     8 |     5 |     1 |     1 |     6 ||    27
  Eat: Corpse            |     3 |    10 |    24 |    60 |    92 |    76 |    71 |    37 |    48 ||   421
